 Dungeon Crawl Stone Soup version 0.22-a0-388-g09e6169 (webtiles) character file.

247 Mgcat the Insei (level 6, -2/38 HPs)
             Began as an Octopode Transmuter on Apr 29, 2018.
             Slain by an orc
             ... wielding a +0 trident
              (7 damage)
             ... on level 3 of the Dungeon.
             The game lasted 00:05:29 (2877 turns).

Mgcat the Insei (Octopode Transmuter)               Turns: 2877, Time: 00:05:30

Health: -2/38      AC:  2    Str:  9    XL:     6   Next: 11%
Magic:  2/9        EV: 20    Int: 17    God:
Gold:   114        SH:  0    Dex: 18    Spells: 3/9 levels left

rFire    . . .     SeeInvis .     - Unarmed
rCold    . . .     Gourm    +   (shield currently unavailable)
rNeg     . . .     Faith    .   (helmet currently unavailable)
rPois    x         Spirit   .   k - amulet of the gourmand {Gourm, !d}
rElec    .         Reflect  .   (no ring)
rCorr    .         Harm     .   (no ring)
MR       .....                  (no ring)
Stlth    ++........             (no ring)
HPRegen  0.12/turn              (no ring)
MPRegen  0.11/turn              (no ring)
                                (no ring)
                                (no ring)

@: spider-form (expiring), very slightly contaminated
A: tiny, almost no armour, stealthy swim, (amphibious), 8 rings, (constrict 8)
a: End Transformation


You were on level 3 of the Dungeon.
You were very full.
You were a venomous arachnid creature.
You visited 1 branch of the dungeon, and saw 3 of its levels.

You collected 114 gold pieces.

Inventory:

Missiles
 a - 22 arrows
 j - 135 stones (quivered)
Jewellery
 k - an amulet of the gourmand (around neck) {Gourm, !d}
   (You found it on level 2 of the Dungeon)
Wands
 o - a wand of random effects (22)
   (You took it off Natasha on level 3 of the Dungeon)
Scrolls
 e - 2 scrolls of teleportation {unknown}
 f - a scroll of remove curse {unknown}
 g - 5 scrolls of identify {unknown}
 h - a scroll of immolation {unknown}
 l - a scroll of enchant weapon {unknown}
 n - 3 scrolls of amnesia {unknown}
Potions
 b - 3 potions of brilliance {unknown}
 d - a potion of might {unknown}
 i - a potion of flight {unknown}
 m - a potion of curing {unknown}
Comestibles
 c - 6 rations


   Skills:
 - Level 1.0 Fighting
 - Level 2.0 Dodging
 + Level 4.6 Unarmed Combat
 - Level 2.0 Spellcasting
 + Level 4.0 Transmutations
 + Level 3.2 Poison Magic


You had 3 spell levels left.
You knew the following spells:

 Your Spells              Type           Power        Failure   Level  Hunger
a - Beastly Appendage     Tmut           ###...       12%         1    #......
b - Sticks to Snakes      Tmut           ###.....     16%         2    ###....
c - Spider Form           Tmut/Pois      ##........   30%         3    ###....


Dungeon Overview and Level Annotations

Branches:
Dungeon (3/15)

Altars:
Ru
The Shining One


Innate Abilities, Weirdness & Mutations

You cannot wear most types of armour.
You are very stealthy in the water. (Stealth+)
((You are amphibious.))
You can wear up to eight rings at the same time.
((You can use your tentacles to constrict eight enemies at once.))
((Your skin changes colour to match your surroundings (Stealth+).))
((Your rubbery body absorbs attacks. (AC +1, EV +1)))


Message History

You kill Natasha!
You feel Natasha's spirit has finally been put to rest.
Your Transmutations skill increases to level 4!
You have reached level 6!
Your experience leads to an increase in your attributes!
Your base attributes are Str 9, Int 16, Dex 13.
Increase (S)trength, (I)ntelligence, or (D)exterity?
You feel clever.
o - a wand of random effects (22)
You see here the felid corpse of Natasha.
There are no objects that can be picked up here. the felid corpse of Natasha You see here the felid corpse of Natasha.
You butcher the felid corpse of Natasha.
Your transformation has ended.
p - a chunk of flesh {@w0} A bat comes into view.
An adder comes into view.
Eating a chunk of flesh {@w0}.
You eat the chunk of flesh {@w0}.
This raw flesh tastes great.
Casting: Spider Form (safe; 13% risk of failure)
Confirm with . or Enter, or press ? or * to list all spells.
One of your tentacles grows a vicious spike.
The bat hits you.
You are too injured to fight recklessly!
You are too injured to fight recklessly!
You are too injured to fight recklessly!
You barely miss the bat. You grab the bat.
You kill the bat!
Unknown command.
Unknown command.
Your transformation is almost over.
Your tentacle spike disappears.
An orc comes into view.
Casting: Beastly Appendage (safe; 3% risk of failure)
Confirm with . or Enter, or press ? or * to list all spells.
You miscast Spider Form.
You are very lightly contaminated with residual magic.
Nothing appears to happen.
The orc shouts!
You hear a shout!
A goblin comes into view. It is wielding a club.
Casting: Spider Form (safe; 13% risk of failure)
Confirm with . or Enter, or press ? or * to list all spells.
You turn into a venomous arachnid creature.
The goblin shouts!
You hear a shout! x2
You hear a shout!
Your transformation is almost over.
An orc comes into view.
An orc priest comes into view. It is wielding a club.
The orc priest shouts!
You hear a shout!
An orc comes into view. It is wielding a flail.
The orc shouts!
You bite the orc!
You kill the orc! 2 orcs come into view.
The orc moves out of view.
The goblin hits you with a club.
The orc shouts!
You hit the goblin.
You kill the goblin!
The orc barely misses you.
An orc comes into view. It is wielding a trident.
The orc shouts!
You bite the orc!
You kill the orc!
You hit the orc.
You kill the orc!
You hit the orc.
The orc is poisoned.
The orc is heavily wounded.
Your transformation has ended.
The orc hits you but does no damage.
Casting: Spider Form (safe; 13% risk of failure)
Confirm with . or Enter, or press ? or * to list all spells.
You turn into a venomous arachnid creature.
The orc misses you.
The orc priest calls down the wrath of Beogh upon you.
Beogh smites you!
You bite the orc!
You kill the orc!
The orc priest looks encouraged for a moment.
Unknown command.
Unknown command.
The orc misses you.
An orc comes into view. It is wielding a club.
You completely miss the orc.
The orc moves out of view.
You hit the orc but do no damage.
The orc is poisoned.
The orc hits you with a war axe. The orc misses you.
You hit the orc.
You kill the orc!
You hit the orc priest.
The orc priest is moderately wounded.
Your transformation is almost over.
The orc priest hits you with a club!
* * * LOW HITPOINT WARNING * * *
The orc misses you.
You bite the orc priest!
The orc priest is poisoned.
The orc priest is severely wounded.
The orc priest hits you with a club.
* * * LOW HITPOINT WARNING * * *
The orc hits you from afar with a trident!
You die...

.# ..# #.# #.# #.# #.#
#############.##########
.....oos..........)...[.
.....o#######.#...######
........................
.####.###.###.....)..###
.. ###.#.##.# # #..
#.#.##.# # ..S #.#.##.#
.# #.#.##.# #.#.##.#


You could see an orc priest and 2 orcs.

Vanquished Creatures
  An ogre (D:3)
  Natasha (thrice) (D:3)
  An adder (D:3)
  A worm (D:3)
  2 dart slugs
  2 leopard geckos
  13 orcs (D:3)
  10 bats
  A giant cockroach (D:1)
  10 goblins
  5 hobgoblins
  2 kobolds (D:1)
  3 quokkas
  2 ball pythons (D:1)
  3 frilled lizards
  2 rats
61 creatures vanquished.

Notes
Turn   | Place    | Note
-------+----------+-------------------------------------------
     0 | D:1      | Mgcat the Octopode Transmuter began the quest for the Orb.
     0 | D:1      | Reached XP level 1. HP: 13/13 MP: 3/3
    49 | D:1      | HP: 3/13 [dart slug (1)]
    51 | D:1      | Reached XP level 2. HP: 5/18 MP: 5/5
   744 | D:1      | Reached XP level 3. HP: 16/23 MP: 4/6
   800 | D:1      | Learned a level 2 spell: Sticks to Snakes
   804 | D:1      | Learned a level 3 spell: Spider Form
  1508 | D:2      | Reached skill level 3 in Transmutations
  1629 | D:2      | Found a sacrificial altar of Ru.
  1885 | D:3      | Noticed Natasha
  1935 | D:3      | Killed Natasha
  1935 | D:3      | Reached skill level 1 in Poison Magic
  1935 | D:3      | Reached XP level 4. HP: 18/28 MP: 3/7
  2031 | D:3      | Found a glowing golden altar of the Shining One.
  2119 | D:3      | Reached skill level 4 in Unarmed Combat
  2296 | D:3      | Noticed Natasha
  2298 | D:3      | Noticed an ogre
  2307 | D:3      | HP: 6/28 [Natasha (8)]
  2310 | D:3      | HP: 1/28 [Natasha/magic dart (5)]
  2311 | D:3      | Killed Natasha
  2311 | D:3      | Reached skill level 2 in Poison Magic
  2311 | D:3      | Reached XP level 5. HP: 2/33 MP: 5/8
  2603 | D:3      | Killed an ogre
  2695 | D:3      | Reached skill level 3 in Poison Magic
  2743 | D:3      | Noticed Natasha
  2751 | D:3      | Killed Natasha
  2751 | D:3      | Reached skill level 4 in Transmutations
  2751 | D:3      | Reached XP level 6. HP: 20/38 MP: 5/9
  2876 | D:3      | HP: 5/38 [orc priest/club (8)]
  2877 | D:3      | Slain by an orc

Vault maps used:
D:1:      roderic_chinese_lattice_arrival
D:2:      nicolae_ru_awakened_eye
D:3:      tso_metal_star, uniq_natasha

Skill      XL: |  1  2  3  4  5 |
---------------+----------------+-----
Transmutations | 3 4 |  4.0
Poison Magic   | 1 2 3 |  3.2
Unarmed Combat | 4 |  4.6
Fighting       | |  1.0
Dodging        | |  2.0
Spellcasting   | |  2.0

Action                   |  1- 3 |  4- 6 || total
-------------------------+-------+-------++-------
Melee: Unarmed           |    67 |    60 ||   127
       Constrict         |    20 |     8 ||    28
       Kick              |    13 |     5 ||    18
       Punch             |     2 |     1 ||     3
       Tentacles         |     1 |     2 ||     3
 Cast: Beastly Appendage |    20 |     6 ||    26
       Spider Form       |     1 |     6 ||     7
       Sticks to Snakes  |       |     1 ||     1
 Stab: Sleeping          |     4 |       ||     4
  Eat: Chunk             |     7 |    12 ||    19
Armor: Skin              |     9 |     2 ||    11
Dodge: Dodged            |    53 |    24 ||    77

Table legend:
 A = Spawn XP
 B = Non-spawn XP
 C = Spawn XP percentage of total XP
 D = Spawn monster count
 E = Non-spawn monster count
 F = Spawn count percentage of total count
 G = Total turns spent on level
                    A         B        C        D         E        F      G
               +---------+---------+-------+---------+---------+-------+---------
         Total |       0 |     353 |   0.0 |       0 |      61 |   0.0 |  2877
               +---------+---------+-------+---------+---------+-------+---------
           D:1 |       0 |      41 |   0.0 |       0 |      22 |   0.0 |   989
           D:2 |       0 |      20 |   0.0 |       0 |      12 |   0.0 |   878
           D:3 |       0 |     292 |   0.0 |       0 |      27 |   0.0 |  1010
               +---------+---------+-------+---------+---------+-------+---------

Vault maps used:
D:1:      roderic_chinese_lattice_arrival
D:2:      nicolae_ru_awakened_eye
D:3:      tso_metal_star, uniq_natasha

Table legend:
 A = Turns spent in this place as a percentage of turns spent in the entire game.
 B = Non-inter-level travel turns spent in this place as a percentage of non-inter-level travel turns spent in the entire game.
 C = Inter-level travel turns spent in this place as a percentage of turns spent in this place.
 D = Turns resting spent in this place as a percentage of non-inter-level travel turns spent in this place.
 E = Turns spent auto-exploring this place as a percentage of non-inter-level travel turns spent in this place.
 F = Non-inter-level travel turns spent in this place divided by the number of levels of this place that you've seen.
                   A       B       C       D       E      F
               +-------+-------+-------+-------+-------+----------------------
         Total | 100.0 | 100.0 |   2.9 |   3.5 |  82.4 | 931.3
       Dungeon | 100.0 | 100.0 |   2.9 |   3.5 |  82.4 | 931.3
               +-------+-------+-------+-------+-------+----------------------

Table legend:
 A = Kills in this place as a percentage of kills in entire the game.
 B = Kills by you in this place as a percentage of kills by you in the entire game.
 C = Kills by friends in this place as a percentage of kills by friends in the entire game.
 D = Other kills in this place as a percentage of other kills in the entire game.
 E = Experience gained in this place as a percentage of experience gained in the entire game.
 F = Experience gained in this place divided by the number of levels of this place that you have seen.
                   A       B       C       D       E      F
               +-------+-------+-------+-------+-------+----------------------
         Total | 100.0 | 100.0 |   N/A |   N/A | 100.0 | 117.7
       Dungeon | 100.0 | 100.0 |   N/A |   N/A | 100.0 | 117.7
               +-------+-------+-------+-------+-------+----------------------
